 Dungeon Crawl Stone Soup version 0.28-a0-2-g643f2454ad (webtiles) character file.

Game seed: 5599288222078380933

47 Spaninq the Magician (level 3, 0/28 HPs)
             Began as a Gnoll Wanderer on July 22, 2021.
             Slain by a worm (6 damage)
             ... on level 2 of the Dungeon.
             The game lasted 00:05:34 (2638 turns).

Spaninq the Magician (Gnoll Wanderer)               Turns: 2638, Time: 00:05:35

Health: 0/28       AC:  5    Str: 11    XL:     3   Next: 70%
Magic:  11/11      EV: 10    Int:  8    God:
Gold:   13         SH:  0    Dex: 15    Spells: 15/16 levels left

rFire   . . .      SeeInvis .   a - +0 dagger
rCold   . . .      Faith    .   (no shield)
rNeg    . . .      Spirit   .   g - +0 ring mail
rPois   .          Reflect  .   (no helmet)
rElec   .          Harm     .   (no cloak)
rCorr   .          Rampage  .   (no gloves)
Will    .....                   (no boots)
Stlth   ++........              (no amulet)
HPRegen 0.09/turn               (no ring)
MPRegen 0.12/turn               (no ring)

@: no status effects
A: fangs 1, strong nose, distributed training
a: no special abilities


You were on level 2 of the Dungeon.
You visited 1 branch of the dungeon, and saw 2 of its levels.

You collected 13 gold pieces.

Inventory:

Hand Weapons
 a - a +0 dagger (weapon)
Armour
 g - a +0 ring mail (worn)
Scrolls
 b - a scroll of acquirement {unknown}
 e - a scroll of vulnerability {unknown}
 f - a scroll of amnesia {unknown}
Potions
 c - a potion of lignification
 d - 4 potions of curing {unknown}


   Skills:
 + Level 2.6 Fighting
 + Level 0.9 Short Blades
 + Level 0.9 Long Blades
 + Level 0.9 Axes
 + Level 0.9 Maces & Flails
 + Level 0.9 Polearms
 + Level 0.9 Staves
 + Level 0.9 Slings
 + Level 0.9 Bows
 + Level 2.6 Crossbows
 + Level 0.9 Throwing
 + Level 2.6 Armour
 + Level 0.9 Dodging
 + Level 4.2 Stealth
 + Level 0.9 Shields
 + Level 0.9 Unarmed Combat
 + Level 7.1 Spellcasting
 + Level 0.6 Conjurations
 + Level 0.6 Hexes
 + Level 0.6 Summonings
 + Level 0.6 Necromancy
 + Level 0.6 Translocations
 + Level 3.8 Transmutations
 + Level 0.6 Fire Magic
 + Level 0.6 Ice Magic
 + Level 0.6 Air Magic
 + Level 0.6 Earth Magic
 + Level 0.6 Poison Magic
 + Level 1.0 Invocations
 + Level 0.9 Evocations


You had 15 spell levels left.
You knew the following spells:

 Your Spells              Type           Power      Damage    Failure   Level
a - Apportation           Tloc           6%         N/A       36%         1

Your spell library contained the following spells:

 Spells                   Type           Power      Damage    Failure   Level
 Passwall                 Tmut/Erth      5%         N/A       28%         2
 Sandblast                Erth           6%         2d5       36%         1
 Portal Projectile        Hex/Tloc       6%         N/A       73%         3
 Stone Arrow              Conj/Erth      6%         3d7       73%         3
 Petrify                  Tmut/Erth      6%         N/A       88%         4


Dungeon Overview and Level Annotations

Branches:
Dungeon (2/15)

Altars:

Annotations:
D:2 Sigmund


Innate Abilities, Weirdness & Mutations

You have very sharp teeth.
Your uncanny sense of smell can sniff out nearby items.
Your experience applies equally to all skills.


Message History

You hit the kobold.
You kill the kobold!
You closely miss the ball python.
The ball python bites you but does no damage.
The ball python grabs you. The ball python constricts you.
You hit the ball python.
You kill the ball python!
You hit the worm.
The worm is severely wounded.
You hit the worm but do no damage.
The worm is severely wounded.
The worm bites you but does no damage.
You hit the worm.
The worm is severely wounded.
The worm barely misses you.
You hit the worm but do no damage. You bite the worm, but do no damage.
The worm is severely wounded.
You hit the worm.
The worm is almost dead.
The worm bites you.
* * * LOW HITPOINT WARNING * * *
You barely miss the worm.
The worm is severely wounded.
You barely miss the worm. Your punch misses the worm.
The worm is severely wounded.
The worm closely misses you.
You completely miss the worm. You bite the worm.
The worm is severely wounded.
The worm barely misses you.
You hit the worm.
The worm is almost dead.
You barely miss the worm.
The worm is almost dead.
The worm closely misses you.
You barely miss the worm.
The worm is almost dead.
You hit the worm but do no damage.
The worm is almost dead.
The worm bites you.
You die...

##........# $.....
#........###......
#.................
. #........
#.##........
#####.#.....#
............+
###.#.#w#<#.# #
#@#.# #.#.# #.#..
#.### #.# #.. ###


You could see a worm.

Vanquished Creatures
  3 ball pythons
  3 endoplasms (D:1)
  5 goblins (D:1)
  6 hobgoblins (D:1)
  7 jackals (D:1)
  2 quokkas (D:1)
  3 bats (D:1)
  7 frilled lizards (D:1)
  3 kobolds
  2 rats
41 creatures vanquished.

Notes
Turn   | Place    | Note
-------+----------+-------------------------------------------
     0 | D:1      | Spaninq the Gnoll Wanderer began the quest for the Orb.
     0 | D:1      | Spaninq set off with the following items: a +0 dagger, a +0
                  | robe, a potion of lignification; and the following spells
                  | available to memorise: Passwall, Apportation, Sandblast,
                  | Portal Projectile, Stone Arrow, Petrify
     0 | D:1      | Reached XP level 1. HP: 17/17 MP: 8/8
   605 | D:1      | Reached XP level 2. HP: 23/23 MP: 10/10
   662 | D:1      | Learned a level 1 spell: Apportation
  1431 | D:1      | Reached XP level 3. HP: 20/28 MP: 11/11
  2265 | D:1      | Reached skill level 1 in Invocations
  2526 | D:2      | Noticed Sigmund
  2638 | D:2      | Slain by a worm

Illustrated notes

Levels and vault maps discovered:
D:1:      minmay_arrival_solitary_statue, layout_loops_ring,
          minmay_misc_feat_five
D:2:      layout_basic, minmay_lizard_pond, uniq_sigmund

Skill      XL: |  1  2  3 |
---------------+----------+-----
Invocations    | 1 |  1.0
Fighting       | |  2.6
Short Blades   | |  0.9
Long Blades    | |  0.9
Axes           | |  0.9
Maces & Flails | |  0.9
Polearms       | |  0.9
Staves         | |  0.9
Slings         | |  0.9
Bows           | |  0.9
Crossbows      | |  2.6
Throwing       | |  0.9
Armour         | |  2.6
Dodging        | |  0.9
Stealth        | |  4.2
Shields        | |  0.9
Unarmed Combat | |  0.9
Spellcasting   | |  7.1
Conjurations   | |  0.6
Hexes          | |  0.6
Summonings     | |  0.6
Necromancy     | |  0.6
Translocations | |  0.6
Transmutations | |  3.8
Fire Magic     | |  0.6
Ice Magic      | |  0.6
Air Magic      | |  0.6
Earth Magic    | |  0.6
Poison Magic   | |  0.6
Evocations     | |  0.9

Action                   || total
-------------------------++-------
Melee: Dagger            ||   215
       Bite              ||    21
       Punch             ||     1
 Cast: Apportation       ||     1
  Use: Scroll            ||     1
       Potion            ||     1
 Stab: Sleeping          ||     9
Armor: Robe              ||    19
       Ring mail         ||    34
       Skin              ||     2
Dodge: Dodged            ||   117

Table legend: (Time is in decaauts)
 A = Elapsed time spent in this place.
 B = Non-inter-level travel time spent in this place.
 C = Inter-level travel time spent in this place.
 D = Time resting spent in this place.
 E = Time spent auto-exploring this place.
 F = Levels seen in this place.
 G = Mean time per level.
                   A        B        C        D        E       F      G
               +--------+--------+--------+--------+--------+-----+--------+
         Total |   2640 |   2551 |     89 |   1251 |    792 |   2 | 1320.0 |
       Dungeon |   2640 |   2551 |     89 |   1251 |    792 |   2 | 1320.0 |
               +--------+--------+--------+--------+--------+-----+--------+

Top non-repeatable levels by time:
     D:1: 2526 daAuts
     D:2: 114 daAuts
